[Event "*** Titled Tuesday Blitz"]
[Site "Chess.com"]
[Date "2021.02.16"]
[Round "1"]
[White "drragnar1"]
[Black "bascheyaro"]
[Result "1-0"]
[WhiteElo "2399"]
[BlackElo "2694"]
[TimeControl "180+1"]
[EndTime "10:07:39 PST"]
[Termination "drragnar1 won on time"]

1. c4 e5 2. g3 Nc6 3. Bg2 g6 4. Nc3 Bg7 5. d3 d6 6. Nf3 f5 7. O-O Nf6 8. Rb1 O-O 9. b4 h6 10. b5 Ne7 11. a4 Kh7 12. Ba3 Be6 13. a5 e4 14. Ne1 Ng4 15. Qc1 d5 16. cxd5 Bxc3 17.
dxe6 Bxa5 18. dxe4 fxe4 19. Bxe4 Bb6 20. Nf3 Rf6 21.
h3 Rxe6 22. Bxb7 Rb8 23. hxg4 Rxb7 24. Rd1 Qe8 25. g5 Rxe2 26. Bc5 Qf7 27. Kg2 Bxc5 28. Qxc5 Nf5 29. Qc6 Rb6 30. Rd7 Ne7 31. Qc5 Rbe6 32.
gxh6 Kxh6 33. Rh1+ Kg7 34. Rh7+ Kxh7 35. Ng5+ Kg7 36. Nxf7 Kxf7 37. Rxc7 Rf6 38. Rxa7 Kf8 39. b6 Rb2 40. Qxe7+ 1-0

[Event "*** Titled Tuesday Blitz"]
[Site "Chess.com"]
[Date "2021.02.16"]
[Round "1"]
[White "IwkooO"]
[Black "Smile2005"]
[Result "1-0"]
[WhiteElo "2643"]
[BlackElo "2344"]
[TimeControl "180+1"]
[EndTime "10:07:39 PST"]
[Termination "IwkooO won by checkmate"]

1. e4 d5 2. exd5 Nf6 3. d4 Nxd5 4. Nf3 Bg4 5. c4 Nb6 6. c5 N6d7 7. Nc3 e6 8. Be2 Nc6 9. Be3 Be7 10. h3 Bh5 11. O-O O-O 12. Qd2 Nf6 13. Rfd1 Nb4 14. Ne5 Bxe2 15. Qxe2 Nbd5 16. f4 Nxe3 17. Qxe3 Nd5 18.
Nxd5 Qxd5 19. b3 Rad8 20. Rac1 Bf6 21. Nf3 g6 22. Rd2 Rd7 23. Rc4 Rfd8 24. Kh2 b5 25. Rc1 a5 26. Rcd1 c6 27. g4 Ra7 28. a3 a4 29. b4 Rad7 30. Kg3 h5 31. Rd3 Qa2 32.
R1d2 Qa1 33. Qe4 Rd5 34. Rd1 Qb2 35. R1d2 Qa1 36. Kg2 R8d7 37. gxh5 gxh5 38. Kh2 Kf8 39. Qh7 Ke7 40. Qe4 Rd8 41. Qe2 Rg8 42. Rd1 Bxd4 43. Nxd4 Rxd4 44. Rxa1 Rxd3 45. Qxd3 h4 46. Qd6+ Kf6 47.
Qe5+ Ke7 48. Rd1 f6 49. Qc7+ Kf8 50. Rd8# 1-0

[Event "*** Titled Tuesday Blitz"]
[Site "Chess.com"]
[Date "2021.02.16"]
[Round "1"]
[White "ViditYT"]
[Black "beautroll"]
[Result "1-0"]
[WhiteElo "3017"]
[BlackElo "2468"]
[TimeControl "180+1"]
[EndTime "10:07:40 PST"]
[Termination "ViditYT won by resignation"]

1. c4 Nf6 2. Nc3 g6 3. g3 Bg7 4.
Bg2 O-O 5. d4 Nc6 6. Nf3 d5 7.
cxd5 Nxd5 8. O-O Nb6 9. d5 Na5 10. e4 c6 11. Bf4 cxd5 12. Nxd5 Nxd5 13. exd5 Nc4 14. b3 Nd6 15. Rc1 Bg4 16. Qd2 Bxf3 17. Bxf3 a5 18. Rfe1 a4 19. b4 a3 20. Bg4 Ra4 21. Bd1 Ra8 22. h4 h5 23. Rc5 Re8 24.
Bb3 Qb6 25. Bc2 Rad8 26. Be3 Qa6 27. Bd3 Qa4 28. Ra5 Qd7 29. Rxa3 Nb5 30. Ra5 Nc3 31. Bb6 Rc8 32. Bf1 e6 33. d6 Nd5 34.
Bd4 Bxd4 35. Qxd4 Qxd6 36. Rb5 Qc6 37. Rc5 Qb6 38. Rxd5 Qc6 39. Rc5 Qa4 40. Bb5 Qxa2 41. Bxe8 Rxe8 42. Rec1 1-0

[Event "*** Titled Tuesday Blitz"]
[Site "Chess.com"]
[Date "2021.02.16"]
[Round "1"]
[White "GMKrikor"]
[Black "GameOverBro"]
[Result "1-0"]
[WhiteElo "2820"]
[BlackElo "2422"]
[TimeControl "180+1"]
[EndTime "10:07:40 PST"]
[Termination "GMKrikor won by resignation"]

1. Nf3 Nf6 2. c4 d6 3. d4 Nbd7 4. Nc3 e5 5. e4 Be7 6. Be2 O-O 7.
O-O c6 8. Re1 a5 9. Bf1 Qc7 10.
h3 Re8 11. Be3 exd4 12. Bxd4 Nc5 13. Qc2 Bd7 14. Rad1 Rad8 15. b3 Bc8 16. g3 Nfd7 17. Bg2 Ne5 18. Kh2 Bf8 19. a3 g6 20. b4 axb4 21.
axb4 Nxf3+ 22. Bxf3 Ne6 23. Be3 Bg7 24. Qd2 h5 25. h4 Bf6 26. Bg2 Ng7 27. Bf4 Be5 28.
Bg5 f6 29. Be3 f5 30. Bg5 Rd7 31. f4 Bxc3 32. Qxc3 Rf7 33. e5 dxe5 34. Rxe5 Rxe5 35. fxe5 Ne6 36. Rd6 Kh7 37. Qd2 Nxg5 38. Qxg5 Rg7 39. c5 Qe7 40. Qf4 Be6 41. Qd4 Rg8 42. Bf1 Ra8 43.
Bc4 Bxc4 44. Rd7 Qxd7 45. Qxd7+ Kh6 46. Qxb7 Ra2+ 47. Kg1 Bd5 48. b5 Rb2 49. b6 Rg2+ 50. Kf1 Rxg3 51. Qc7 Rf3+ 52. Ke2 f4 53. b7 Re3+ 54. Kd2 1-0

[Event "*** Titled Tuesday Blitz"]
[Site "Chess.com"]
[Date "2021.02.16"]
[Round "1"]
[White "LuisFSiles"]
[Black "temiksmozg"]
[Result "0-1"]
[WhiteElo "2315"]
[BlackElo "2615"]
[TimeControl "180+1"]
[EndTime "10:07:40 PST"]
[Termination "temiksmozg won on time"]

1. e4 c5 2. Nf3 e6 3. c3 d5 4. exd5 Qxd5 5. d4 Nf6 6. Be3 cxd4 7. cxd4 Bb4+ 8. Nc3 O-O 9. Bd3 b6 10. Qe2 Qa5 11. O-O Bxc3 12. bxc3 Qxc3 13. Ne5 Bb7 14.
Rac1 Qa5 15. Rc7 Qd5 16. f3 a5 17. Rb1 Ba6 18. Rxb6 Bxd3 19. Nxd3 Nbd7 20. Rbb7 Rab8 21. Nf4 Qxb7 22. Rxb7 Rxb7 23. Qa6 Rb1+ 24. Kf2 Rb2+ 25. Kg3 Nb6 26. Qxa5 Nfd5 27. Nxd5 Nxd5 28. Bc1 Rc2 29. Ba3 Rfc8 30. Bc5 h6 31. Qa6 Rb8 32. Qd6 Rbb2 33. f4 Rxg2+ 34. Kf3 Rbf2+ 35. Ke4 Rxf4+ 36. Kd3 Kh7 37. Qe5 Rf5 38. Qe4 Rxh2 39. a4 Ra2 0-1

[Event "*** Titled Tuesday Blitz"]
[Site "Chess.com"]
[Date "2021.02.16"]
[Round "1"]
[White "Cecile-Haussernot"]
[Black "FMKonstantin_Twitch"]
[Result "0-1"]
[WhiteElo "2301"]
[BlackElo "2607"]
[TimeControl "180+1"]
[EndTime "10:07:40 PST"]
[Termination "FMKonstantin_Twitch won by resignation"]

1. e4 c5 2. Nf3 d6 3. d4 cxd4 4. Nxd4 Nf6 5. Nc3 a6 6. h3 e5 7. Nde2 h5 8. Bg5 Be6 9. g3 Nbd7 10. Bg2 b5 11. a3 Rc8 12. O-O Be7 13. f4 Qb6+ 14.
Kh1 Ng4 15. Bxe7 Kxe7 16. f5 Ne3 17. Qd2 Bc4 18. Rf3 Nxg2 19. Kxg2 Nf6 20. Rd1 Rhd8 21. b3 Bxe2 22. Qxe2 Rc5 23. Rfd3 Qc6 24. Qe3 Rc8 25.
Rxd6 Qxd6 26. Rxd6 Kxd6 27. Qd3+ Ke7 28. Ne2 Rxc2 29.
Kf3 Rb2 30. g4 hxg4+ 31. hxg4 Rcc2 32. g5 Nh5 33. Qd5 Rd2 34. Qxe5+ Kd7 35. Nd4 Rd3+ 36.
Kg4 Rg3+ 37. Qxg3 Nxg3 38. Kxg3 Rd2 39. Nf3 Rd3 40. Kf4 Rxb3 41. Ne5+ Ke8 42. f6 gxf6 43. gxf6 Rxa3 44. Nc6 Rc3 45. Ke5 Rxc6 0-1

[Event "*** Titled Tuesday Blitz"]
[Site "Chess.com"]
[Date "2021.02.16"]
[Round "1"]
[White "johnathan113"]
[Black "harlem4brew"]
[Result "1-0"]
[WhiteElo "2609"]
[BlackElo "2308"]
[TimeControl "180+1"]
[EndTime "10:07:41 PST"]
[Termination "johnathan113 won by checkmate"]

1. e4 c5 2. Nf3 e6 3. d4 cxd4 4. Nxd4 Nf6 5. Nc3 d6 6. g4 Nc6 7. g5 Nd7 8. Be3 a6 9. h4 Nxd4 10. Qxd4 b5 11. O-O-O Bb7 12. f4 Rc8 13. h5 e5 14. Qd2 Qa5 15. Bh3 b4 16. Nd5 Qxa2 17. Qxb4 Bxd5 18. exd5 Qc4 19. Qd2 Nc5 20. Bxc5 Rxc5 21.
fxe5 dxe5 22. d6 Qa4 23. c3 Qa1+ 24. Kc2 Qa4+ 25. Kb1 Qe4+ 26. Qd3 Qxd3+ 27. Rxd3 Rc6 28. d7+ Kd8 29. Rf1 f6 30. Bg2 Rd6 31. Rxd6 Bxd6 32. gxf6 gxf6 33. Rxf6 Kxd7 34. Be4 Rf8 35. Rxf8 Bxf8 36.
Bxh7 Bh6 37. Kc2 Kc6 38. Kd3 Kd5 39. Bg8+ Kd6 40. b4 Bf4 41. Bc4 Bg5 42. Bxa6 Ke6 43.
Bb7 Kf5 44. Be4+ Kg4 45. Bg6 Kf4 46. b5 Bd8 47. Kc4 Bb6 48. h6 Kg5 49. h7 Kxg6 50. h8=Q e4 51. Qe8+ Kf5 52. Qf7+ Ke5 53. Qe7+ Kf4 54.
Qd6+ Ke3 55. Qxb6+ Kd2 56. Qd4+ Kc2 57. Qxe4+ Kb2 58. b6 Ka3 59. b7 Ka4 60. b8=Q Ka3 61. Qea8# 1-0

[Event "*** Titled Tuesday Blitz"]
[Site "Chess.com"]
[Date "2021.02.16"]
[Round "1"]
[White "Deepweb2020"]
[Black "dodorox"]
[Result "1-0"]
[WhiteElo "2527"]
[BlackElo "2189"]
[TimeControl "180+1"]
[EndTime "10:07:41 PST"]
[Termination "Deepweb2020 won by resignation"]

1. d4 Nf6 2. c4 e6 3. g3 d5 4. Nf3 dxc4 5. Bg2 c5 6. O-O Nc6 7. dxc5 Qxd1 8. Rxd1 Bxc5 9. Nbd2 Ke7 10. Nxc4 Bd7 11. Bf4 Nd5 12. Bd2 f6 13. Rac1 Rac8 14. e4 Nb6 15. Ne3 Bd6 16. a3 Ne5 17. Nd4 Nec4 18.
Nxc4 Nxc4 19. Bc3 Rhd8 20. Bf1 b5 21. Rc2 a6 22. Rdc1 Be5 23. a4 Bd6 24. Be1 Be5 25.
axb5 axb5 26. Nxb5 Bxb5 27. Bxc4 Rxc4 28. Rxc4 Bxc4 29.
Bb4+ Bd6 30. Bxd6+ Kxd6 31. Rxc4 Rb8 32. b4 Ke5 33. f4+ Kd6 34. Kf2 Rb5 35. Ke3 g6 36. Kd3 h5 37. Kc3 Rb7 38. Rd4+ Kc6 39. Kb3 Rb5 40. Rd3 Rb8 41. e5 fxe5 42. fxe5 Rf8 43. Rd6+ Kc7 44. Rxe6 Rf3+ 45. Ka4 Rf2 46. h4 Re2 47.
Rxg6 Rxe5 48. Rg5 Re1 49. Rxh5 1-0

[Event "*** Titled Tuesday Blitz"]
[Site "Chess.com"]
[Date "2021.02.16"]
[Round "1"]
[White "onetowin"]
[Black "DanilNajdin"]
[Result "0-1"]
[WhiteElo "2015"]
[BlackElo "2482"]
[TimeControl "180+1"]
[EndTime "10:07:41 PST"]
[Termination "DanilNajdin won on time"]

1. d4 f5 2. Nf3 Nf6 3. g3 e6 4. Bg2 d5 5. O-O Bd6 6. c4 c6 7. b3 Qe7 8. Bf4 Bxf4 9. gxf4 O-O 10. Ne5 Bd7 11. Nd2 Be8 12. Qc2 Bh5 13. Ndf3 Bxf3 14. Bxf3 Nbd7 15. Kh1 Ne4 16. Bxe4 fxe4 17. e3 Kh8 18. f3 Nf6 19. Qg2 exf3 20. Rxf3 Ne4 21.
Rh3 Kg8 22. Rg1 Rf5 23. Ng4 Kh8 24. Ne5 Qf6 25. Ng4 Qg6 26. Ne5 Qxg2+ 27. Rxg2 Kg8 28.
c5 b6 29. b4 bxc5 30. bxc5 Rb8 31. Nf3 Rb1+ 32. Ng1 Rf7 33. Rf3 Rfb7 34. h4 R7b2 35. Kh2 Rxg2+ 36. Kxg2 Rb2+ 37. Kh3 Rxa2 38. Rf1 Ra3 39. Re1 a5 40. Nf3 a4 41. Ne5 Rc3 42. Rb1 h5 43. Nxc6 Rxe3+ 44. Kg2 a3 45. Ra1 Re2+ 46. Kf1 Rf2+ 47. Ke1 a2 48. Nb4 Rxf4 49. c6 Nd6 0-1

[Event "*** Titled Tuesday Blitz"]
[Site "Chess.com"]
[Date "2021.02.16"]
[Round "1"]
[White "jd001"]
[Black "vaishali2001"]
[Result "0-1"]
[WhiteElo "2273"]
[BlackElo "2583"]
[TimeControl "180+1"]
[EndTime "10:07:42 PST"]
[Termination "vaishali2001 won by resignation"]

1. d4 d5 2. c4 Nc6 3. Nf3 Bg4 4. Nc3 e6 5. Bf4 Nf6 6. e3 Bd6 7. Bg3 O-O 8. cxd5 exd5 9. Be2 Ne7 10. O-O Bxg3 11.
hxg3 c6 12. Ne5 Bxe2 13. Qxe2 Nf5 14. Rab1 Nd6 15. a3 Nfe4 16. Nxe4 Nxe4 17. Rfc1 Re8 18.
b4 a6 19. a4 Qd6 20. b5 axb5 21. axb5 c5 22. Qh5 Qf6 23. Nf3 cxd4 24. exd4 Qd6 25. Rc5 Nxc5 26. dxc5 Qxc5 27. Ng5 h6 28. Qxf7+ Kh8 29.
Nf3 Re2 30. Nh4 Rae8 31. Rf1 b6 32. Ng6+ Kh7 33. Nf4 Re1 34. Qg6+ Kh8 35. Rxe1 Rxe1+ 36. Kh2 Qxf2 37. Ne6 Qg1+ 38. Kh3 Qh1+ 39. Kg4 Re4+ 40.
Nf4 Qd1+ 41. Kh4 Qh1+ 42. Kg4 Qd1+ 43. Kh4 Qd4 44. Kh3 Qf6 45. Qg4 d4 46. Qc8+ Kh7 47.
Qc2 Qf5+ 48. Kh2 Rxf4 49. gxf4 Qxc2 50. f5 d3 51. Kg3 d2 52. Kf3 Qc3+ 0-1

[Event "*** Titled Tuesday Blitz"]
[Site "Chess.com"]
[Date "2021.02.16"]
[Round "1"]
[White "zurzan"]
[Black "NiranjanNavalgund"]
[Result "1/2-1/2"]
[WhiteElo "2012"]
[BlackElo "2472"]
[TimeControl "180+1"]
[EndTime "10:07:43 PST"]
[Termination "Game drawn by repetition"]

1. f4 Nh6 2. Nf3 d5 3. g3 Nf5 4.
Bg2 h5 5. d3 c5 6. Nc3 Nc6 7. O-O h4 8. g4 h3 9. Bh1 Nfd4 10. f5 Nxf3+ 11. Bxf3 e6 12. e4 d4 13. Ne2 Ne5 14. Ng3 Be7 15. Bf4 Bf6 16. Nh5 Nxf3+ 17. Qxf3 e5 18. Nxf6+ gxf6 19. Bg3 Qd6 20. c3 Bd7 21.
cxd4 Qxd4+ 22. Bf2 Qd6 23. b4 cxb4 24. Rfc1 Rc8 25.
Rxc8+ Bxc8 26. Rc1 Bd7 27. Bc5 Qc6 28. Qe3 Rg8 29. Qxh3 b6 30. Qh7 bxc5 31. Qxg8+ Ke7 32. g5 Qd6 33. gxf6+ Qxf6 34. Rxc5 Qb6 35. d4 exd4 36. Qg5+ Kd6 37. Rd5+ Kc7 38. Qe7 d3+ 39. Kf1 Qc6 40.
Qe5+ Kc8 41. Rxd3 Qc1+ 42. Ke2 Qc2+ 43. Rd2 Qc4+ 44. Ke3 Qc1 45. Qd4 Qg1+ 46. Kf4 Qf1+ 47. Kg5 Qb5 48. Qxd7+ Qxd7 49. Rxd7 Kxd7 50. h4 a5 51. h5 a4 52. h6 b3 53. axb3 axb3 54. h7 b2 55. h8=Q b1=Q 56. Qd4+ Ke8 57. Qe5+ Kd7 58.
Qd5+ Ke8 59. Qc6+ Kd8 60. Qd6+ Ke8 61. Qe5+ Kd8 62. Qd6+ Ke8 63. Qe5+ 1/2-1/2

[Event "*** Titled Tuesday Blitz"]
[Site "Chess.com"]
[Date "2021.02.16"]
[Round "1"]
[White "fabianvivasz"]
[Black "Frolyanov_D"]
[Result "1-0"]
[WhiteElo "2371"]
[BlackElo "2642"]
[TimeControl "180+1"]
[EndTime "10:07:44 PST"]
[Termination "fabianvivasz won by resignation"]

1. e4 c5 2. Nc3 e6 3. Nf3 a6 4. d4 cxd4 5. Nxd4 Qc7 6. Bd3 b5 7.
O-O Bb7 8. Re1 d6 9. a4 b4 10. Na2 d5 11. Qf3 Nf6 12. e5 Ne4 13. Bf4 Nd7 14.
c4 g5 15. cxd5 exd5 16. Bg3 Nxg3 17. Qxg3 Nc5 18. Rac1 Qb6 19. Nf5 Ne6 20. Nd6+ Bxd6 21. exd6 Rd8 22. Qxg5 Qxd6 23. Qf6 Rf8 24. Bf5 Qe7 25.
Qe5 d4 26. Rc7 Rd7 27. Rxd7 Qxd7 28. Nxb4 Rg8 29. f3 Bxf3 30. Bh3 Qb7 31. Bxe6 Kf8 32. Bd5 Rxg2+ 33. Kf1 Bxd5 34. Nxd5 Qxb2 35. Qh8+ Rg8 36.
Re8+ Kxe8 37. Qxg8+ Kd7 38. Qxf7+ Kd6 39. Nf4 Qa1+ 40.
Kf2 Qxa4 41. Qe6+ Kc7 42. Nd5+ Kb8 43. Qb6+ 1-0

[Event "*** Titled Tuesday Blitz"]
[Site "Chess.com"]
[Date "2021.02.16"]
[Round "1"]
[White "ChronicUnhappiness"]
[Black "elextranjero00"]
[Result "0-1"]
[WhiteElo "2309"]
[BlackElo "2610"]
[TimeControl "180+1"]
[EndTime "10:07:44 PST"]
[Termination "elextranjero00 won on time"]

1. d4 Nf6 2. c4 c5 3. d5 g6 4. Nc3 d6 5. e4 Bg7 6. Nf3 O-O 7. Bd3 e6 8. dxe6 Bxe6 9. h3 Nc6 10. O-O Nd7 11. Nd5 Nde5 12. Nxe5 Nxe5 13. Be3 Bxd5 14. cxd5 Rb8 15. Be2 b5 16. f4 Nc4 17. Bxc4 bxc4 18. e5 Rxb2 19. Rc1 dxe5 20. Bxc5 Re8 21. Rxc4 Qa5 22. Qa4 Qxa4 23. Rxa4 exf4 24. Rxa7 h5 25. d6 Ree2 26. Rf2 Rxf2 27. Bxf2 Rd2 28. d7 Bf6 29. a4 Kg7 30. a5 g5 31. a6 g4 32. hxg4 hxg4 33. Kf1 g3 34. Bb6 f3 35. gxf3 Rd6 36. Rb7 Rd1+ 37. Kg2 Ra1 38. a7 Ra2+ 39. Kg1 Ra1+ 40. Kg2 Ra2+ 41. Kxg3 Be5+ 42. Kg4 Bf6 0-1

[Event "*** Titled Tuesday Blitz"]
[Site "Chess.com"]
[Date "2021.02.16"]
[Round "1"]
[White "FredyMatsuura"]
[Black "markowskitomasz"]
[Result "1/2-1/2"]
[WhiteElo "2289"]
[BlackElo "2583"]
[TimeControl "180+1"]
[EndTime "10:07:44 PST"]
[Termination "Game drawn by repetition"]

1. d4 Nf6 2. c4 g6 3. Nc3 Bg7 4. e4 O-O 5. Be2 c6 6. e5 Ne8 7. Nf3 d6 8. O-O Bg4 9. Bf4 Nd7 10. exd6 Nxd6 11. Ne5 Bxe2 12. Qxe2 Nf5 13. Rad1 Nb6 14. Qe4 e6 15. b3 a5 16. a4 Re8 17. Rd3 Qe7 18.
Rfd1 Rad8 19. g4 Nd6 20. Qg2 Nd7 21. Qg3 Nc8 22. h3 Ncb6 23. Ne4 f5 24. Bg5 Nf6 25. Nc5 Rb8 26. Qh4 Qf8 27. f3 h6 28. Bc1 g5 29.
Qf2 Qe7 30. Re1 Nbd7 31. Ncxd7 Nxd7 32. gxf5 exf5 33. Bb2 Nxe5 34. dxe5 Rbd8 35. Red1 Rxd3 36. Rxd3 f4 37. Rd6 Rd8 38. Qd2 Rxd6 39. exd6 Qd7 40.
Bxg7 Kxg7 41. c5 Kf7 42. Qd3 Kf6 43. Qd4+ Kf7 44. Qh8 Qxh3 45. Qh7+ Ke6 46. Qe7+ Kd5 47. d7 Qg3+ 48. Kh1 Qxf3+ 49. Kg1 Qg3+ 50. Kh1 Qf3+ 51. Kg1 Qg3+ 52. Kh1 Qf3+ 1/2-1/2

[Event "*** Titled Tuesday Blitz"]
[Site "Chess.com"]
[Date "2021.02.16"]
[Round "1"]
[White "Skatchkov_V"]
[Black "DarZay"]
[Result "1-0"]
[WhiteElo "2516"]
[BlackElo "2158"]
[TimeControl "180+1"]
[EndTime "10:07:44 PST"]
[Termination "Skatchkov_V won on time"]

1. d4 d5 2. c4 e6 3. Nf3 Be7 4.
Nc3 Nf6 5. Bf4 O-O 6. e3 c5 7. dxc5 Bxc5 8. Qc2 Nc6 9. Rd1 Qa5 10. a3 Ne4 11.
cxd5 exd5 12. Bd3 Nxc3 13. bxc3 Bxa3 14. Ra1 Qc5 15. Qb3 Bb4 16. cxb4 Nxb4 17. O-O Bg4 18. Rfc1 Qe7 19. Rc7 Qf6 20. Be5 Qb6 21. Ng5 f6 22. Nxh7 fxe5 23. Nxf8 Rxf8 24. Rcc1 e4 25. Bxe4 a5 26.
Bxd5+ Nxd5 27. Qxd5+ Be6 28. Qxa5 Qb2 29. Qe1 Bd5 30.
Rab1 Qe5 31. f3 Qg5 32. e4 Bc6 33. Qf2 Bxe4 34. Rc5 Qg6 35. Rb3 Qd6 36. Rc1 Qd5 37. fxe4 Qxb3 38. Qd4 1-0

[Event "*** Titled Tuesday Blitz"]
[Site "Chess.com"]
[Date "2021.02.16"]
[Round "1"]
[White "NikolaMa2000"]
[Black "manmanlai1"]
[Result "1-0"]
[WhiteElo "1923"]
[BlackElo "2459"]
[TimeControl "180+1"]
[EndTime "10:07:44 PST"]
[Termination "NikolaMa2000 won on time"]

1. d4 Nf6 2. c4 g6 3. Nc3 d5 4. cxd5 Nxd5 5. e4 Nxc3 6. bxc3 Bg7 7. Bc4 c5 8. Ne2 Nc6 9. h4 e6 10. h5 b6 11. hxg6 hxg6 12. Rxh8+ Bxh8 13. Be3 Bb7 14. d5 exd5 15. exd5 Ne5 16. Bb5+ Kf8 17. c4 Qh4 18. Rc1 a6 19. Ba4 Nxc4 20. Rxc4 Qxc4 21. Bb3 Qh4 22. g3 Qh1+ 23. Kd2 Bxd5 24. Bxd5 Qxd5+ 25. Ke1 Qxd1+ 26. Kxd1 Rd8+ 27. Kc2 Bd4 28. Nxd4 cxd4 29. Bh6+ Ke7 30. Bg5+ f6 31. Bf4 Ke6 32. Kd3 Kd5 33. Bc7 Rc8 34. Bxb6 Rc3+ 35. Kd2 Ra3 36. Bd8 Kc4 37. Bxf6 Rxa2+ 38. Ke1 Kd3 39. Kf1 1-0

[Event "*** Titled Tuesday Blitz"]
[Site "Chess.com"]
[Date "2021.02.16"]
[Round "1"]
[White "Pelopidass"]
[Black "Matols"]
[Result "1-0"]
[WhiteElo "2590"]
[BlackElo "2276"]
[TimeControl "180+1"]
[EndTime "10:07:45 PST"]
[Termination "Pelopidass won by checkmate"]

1. d4 Nf6 2. Nf3 e6 3. c4 b6 4.
g3 Bb4+ 5. Bd2 Be7 6. Bg2 Ba6 7. Ne5 c6 8. Qc2 O-O 9. O-O d5 10. Rd1 Bb7 11. Bg5 Nbd7 12. cxd5 cxd5 13. Nc6 Bxc6 14. Qxc6 Rc8 15. Qa4 Qc7 16. Nc3 h6 17. Bf4 Qb7 18. Rac1 a6 19. Qc2 b5 20. Qb1 Nb6 21. e4 b4 22.
exd5 Nbxd5 23. Nxd5 Nxd5 24. Be3 Qd7 25. Rxc8 Rxc8 26. Rc1 Bf6 27. Rxc8+ Qxc8 28. Bxd5 exd5 29. Qd3 Qc4 30. Qd2 a5 31. b3 Qc8 32. Kg2 Qc7 33.
h4 Qc8 34. Qd3 Qc6 35. Qf5 g6 36. Qf4 h5 37. Qb8+ Kg7 38. Qa7 Qb5 39. Qc7 Qd3 40. Qc5 Qe4+ 41. Kg1 Qb1+ 42. Kg2 Qxa2 43. Qxd5 a4 44.
Qd6 axb3 45. Bh6+ Kxh6 46. Qxf6 b2 47. Qh8# 1-0

[Event "*** Titled Tuesday Blitz"]
[Site "Chess.com"]
[Date "2021.02.16"]
[Round "1"]
[White "Zq1"]
[Black "politeplayer"]
[Result "1/2-1/2"]
[WhiteElo "2523"]
[BlackElo "2207"]
[TimeControl "180+1"]
[EndTime "10:07:45 PST"]
[Termination "Game drawn by agreement"]

1. Nf3 g6 2. c4 Bg7 3. Nc3 d6 4. d4 Nf6 5. e4 O-O 6. Be2 e5 7. O-O Nc6 8. d5 Ne7 9. Ne1 Nd7 10. Be3 f5 11. f3 f4 12. Bf2 g5 13. Nb5 Nf6 14.
Nxa7 Bd7 15. Nb5 Rf7 16. Nc3 Bf8 17. c5 Rg7 18. g4 h5 19. h3 Rh7 20. Kg2 hxg4 21. hxg4 Ng6 22. Nd3 Nh4+ 23. Bxh4 Rxh4 24. Rh1 Rxh1 25. Qxh1 Qe7 26. b4 Kf7 27. a4 Bg7 28.
Qg1 Rh8 29. Qf2 c6 30. dxc6 Bxc6 31. b5 Bd7 32. cxd6 Qxd6 33. Qc5 Qxc5 34. Nxc5 Rc8 35. Nxd7 Rxc3 36. Nxe5+ Ke6 37. Nd3 Nxg4 38. fxg4 Rxd3 39.
Bxd3 Bxa1 40. a5 Bc3 41. Bc4+ Ke5 42. a6 bxa6 43. b6 Bd4 44. b7 Ba7 45. Bxa6 Kxe4 46. Bb5 f3+ 47. Kg3 Bb8+ 48. Kf2 Ba7+ 49. Kf1 Kf4 50. Bd7 Kg3 51. Bf5 Bb8 52. Be6 1/2-1/2

[Event "*** Titled Tuesday Blitz"]
[Site "Chess.com"]
[Date "2021.02.16"]
[Round "1"]
[White "oneshot007"]
[Black "XxPetroffsxX"]
[Result "1-0"]
[WhiteElo "2506"]
[BlackElo "2122"]
[TimeControl "180+1"]
[EndTime "10:07:45 PST"]
[Termination "oneshot007 won on time"]

1. e4 e5 2. Nf3 Nc6 3. d4 exd4 4. Nxd4 Bc5 5. Nxc6 Qf6 6. Qf3 bxc6 7. Nd2 d6 8. Nb3 Qxf3 9. gxf3 Bb6 10. Rg1 g6 11. a4 a5 12. Bd2 Be6 13. Bc3 f6 14. Nd4 Bd7 15. O-O-O Ne7 16. Bc4 Bxd4 17. Bxd4 Rf8 18. h4 c5 19. Bc3 Bxa4 20. h5 g5 21. f4 h6 22. f3 Kd7 23. Rde1 Bc6 24. fxg5 hxg5 25.
Rh1 d5 26. exd5 Nxd5 27. Rd1 Kd6 28. h6 Rae8 29. h7 a4 30. Bxf6 Rxf6 31. h8=Q Rxh8 32. Rxh8 Rxf3 33. Rh6+ Kd7 34. Rxc6 Kxc6 35. Bxd5+ Kb6 36.
Bxf3 g4 37. Bxg4 Kb5 38. Kb1 Kb4 39. Ka2 c4 40. c3+ Kc5 41. Ka3 Kb6 42. Kxa4 1-0

[Event "*** Titled Tuesday Blitz"]
[Site "Chess.com"]
[Date "2021.02.16"]
[Round "1"]
[White "krzyzan94"]
[Black "ILoveMauritania"]
[Result "1-0"]
[WhiteElo "2754"]
[BlackElo "2400"]
[TimeControl "180+1"]
[EndTime "10:07:47 PST"]
[Termination "krzyzan94 won on time"]

1. e4 e5 2. Nf3 Nc6 3. Bb5 a6 4. Ba4 Nf6 5. O-O Be7 6. d3 b5 7. Bb3 O-O 8. a3 Bb7 9. Nc3 h6 10. Nd5 d6 11. Be3 Na5 12. Ba2 c5 13. b4 cxb4 14.
axb4 Nc6 15. Qd2 Na7 16. c4 Nxd5 17. exd5 Nc8 18. Rac1 Nb6 19. Rfe1 Na4 20. h3 Rc8 21. Nh2 f5 22. f4 Kh8 23. fxe5 dxe5 24. Bxh6 f4 25.
Bxg7+ Kxg7 26. Rxe5 Bg5 27. c5 Qf6 28. Ng4 Qg6 29. d4 Rf5 30. Bb1 f3 31. Qf2 Bxc1 32. Bxf5 Qf7 33. Bxc8 Bxc8 34. gxf3 Nc3 35. d6 Bxg4 36. Re7 Be6 37. Qe1 Bg5 38. Rxf7+ Kxf7 39. Qxc3 Bc4 40. Qa3 Bf6 41. Qe3 a5 42. d7 axb4 43.
Qe8+ Kg7 44. d8=Q 1-0

[Event "*** Titled Tuesday Blitz"]
[Site "Chess.com"]
[Date "2021.02.16"]
[Round "1"]
[White "PelinGorki"]
[Black "Ashedu66"]
[Result "0-1"]
[WhiteElo "2502"]
[BlackElo "2196"]
[TimeControl "180+1"]
[EndTime "10:07:47 PST"]
[Termination "Ashedu66 won by checkmate"]

1. e4 e5 2. Nc3 Nf6 3. Bc4 Nc6 4. d3 Bc5 5. f4 d6 6. Nf3 a6 7. f5 Nd4 8. Ng5 Rf8 9. Nf3 c6 10.
a3 d5 11. Ba2 Qd6 12. b4 Ba7 13. Bb2 Bd7 14. Qd2 O-O-O 15. O-O-O Ng4 16. Kb1 Nxf3 17. gxf3 Nf2 18. Ne2 Nxh1 19. Rxh1 f6 20. h4 d4 21. Bc1 c5 22. Rg1 Qe7 23. Ng3 Kb8 24. Nh5 cxb4 25. axb4 Rc8 26. Rxg7 Qd6 27. Ba3 Ba4 28. Bc4 Rxc4 29.
dxc4 Rc8 30. c5 Qc6 31. Qe2 Bb5 32. Qd2 b6 33. Qh6 bxc5 34. Rg2 cxb4 35. Bb2 d3 36. cxd3 Bxd3+ 37. Ka1 Qa4+ 38. Ba3 Qxa3+ 39. Ra2 Qc3+ 40.
Rb2 Qa3+ 41. Ra2 Bd4# 0-1

[Event "*** Titled Tuesday Blitz"]
[Site "Chess.com"]
[Date "2021.02.16"]
[Round "1"]
[White "PawnEatingZombie"]
[Black "verdest"]
[Result "0-1"]
[WhiteElo "2143"]
[BlackElo "2508"]
[TimeControl "180+1"]
[EndTime "10:07:47 PST"]
[Termination "verdest won by resignation"]

1. d4 Nf6 2. c4 e6 3. Nc3 d5 4.
cxd5 exd5 5. Bg5 c6 6. e3 Bd6 7. Bd3 O-O 8. Nge2 h6 9. Bh4 Re8 10. h3 Nbd7 11. Qc2 Nf8 12. O-O Ne6 13. Kh1 Be7 14. f3 Nh5 15. Bf2 Bh4 16. g3 Bg5 17.
g4 Bh4 18. gxh5 Bxf2 19. Rxf2 Ng5 20. e4 Nxh3 21. Rh2 Qh4 22. Rf1 Qxh5 23. Nf4 Qh4 24. Nxh3 Bxh3 25. Qf2 Qxf2 26. Rfxf2 Be6 27. e5 b6 28. f4 Bg4 29. b4 a5 30. b5 c5 31.
Nxd5 Rad8 32. Nxb6 Rxd4 33. Bf1 Be6 34. Bh3 Bxh3 35. Rxh3 Rb8 36. Rc3 Rxb6 37. Rxc5 a4 38. Kg2 Rb4 39. f5 R6xb5 40. Rc8+ Kh7 41. e6 fxe6 42.
fxe6 Rg5+ 43. Kf1 Rb1+ 44. Ke2 Re5+ 45. Kd3 Rxe6 46. Rc4 Rd6+ 47. Kc2 Rb7 48. Rxa4 g5 49.
Rc4 Kg6 50. a4 h5 51. a5 g4 52. Ra4 Rc6+ 53. Kd3 Rd7+ 54. Ke4 Re6+ 55. Kf4 Rf7+ 56. Kg3 h4+ 57. Kg2 h3+ 58. Kg3 Re3+ 59. Kxg4 Rxf2 0-1

[Event "*** Titled Tuesday Blitz"]
[Site "Chess.com"]
[Date "2021.02.16"]
[Round "1"]
[White "Eliwood44"]
[Black "canary2016"]
[Result "1-0"]
[WhiteElo "2479"]
[BlackElo "1979"]
[TimeControl "180+1"]
[EndTime "10:07:47 PST"]
[Termination "Eliwood44 won on time"]

1. d4 d5 2. Nf3 Nf6 3. c4 c6 4. e3 Bf5 5. Nc3 e6 6. b3 Bb4 7. Bd2 O-O 8. Be2 Nbd7 9. O-O Rc8 10. a3 Bxc3 11. Bxc3 Ne4 12. Bb2 Ndf6 13. Ne5 h6 14. f3 Nd6 15. c5 Nde8 16. b4 Nc7 17. a4 Nd7 18. Nd3 Qe7 19. Re1 a6 20. Bf1 Bh7 21.
Qb3 Ne8 22. e4 dxe4 23. fxe4 Nef6 24. Nf2 Rfd8 25. Rad1 Nf8 26. b5 axb5 27. axb5 cxb5 28. Bxb5 Ng6 29. d5 exd5 30. exd5 Qxc5 31. Bxf6 gxf6 32. d6 Rxd6 33. Rxd6 Qxd6 34. Ne4 Qb6+ 35. Kh1 Kg7 36. Ng3 Qf2 37. Rf1 Qc2 38. Nh5+ Kf8 39. Qf3 Ne5 40.
Qxf6 Qg6 41. Qh8+ Ke7 42. Qxe5+ Kf8 43. Qh8+ Qg8 44. Qxg8+ Bxg8 45. Nf6 Rd8 46. Nd7+ Ke8 47. Nf6+ Ke7 48. Nxg8+ 1-0